 Dungeon Crawl Stone Soup version 0.31-a0-971-g75a2e9a4b4 (webtiles) character file.

Game seed: 7131907836212695140

91 BinkBink the Ruffian (level 4, -2/29 HPs)
             Began as an Octopode Shapeshifter on Oct 28, 2023.
             Slain by a gnoll
             ... wielding a +0 halberd
              (10 damage)
             ... on level 2 of the Dungeon.
             The game lasted 00:02:57 (1400 turns).

BinkBink the Ruffian (Octopode Shapeshifter)        Turns: 1400, Time: 00:02:59

Health: -2/29      AC:  1    Str: 15    XL:     4   Next: 57%
Magic:  4/4        EV: 13    Int: 12    God:
Gold:   75         SH:  0    Dex: 11    Spells: 3/3 levels left

rFire   . .          .
                       - Unarmed
rCold   . . .        (no shield)
rNeg    . . .        (helmet currently unavailable)
rPois   .            (no amulet)
rElec   .            (no ring)
rCorr   .            (no ring)
SInv    .            (no ring)
Will    .....        (no ring)
Stlth   +++          (no ring)
HPRegen 0.24/turn    (no ring)
MPRegen 0.09/turn    (no ring)
                     (no ring)

%: no passive effects
@: beast-form
A: beast (slay +1), almost no armour, amphibious, 8 rings, camouflage 1,
gelatinous body 1, (nimble swimmer 1), tentacles
a: Begin Untransformation


You were on level 2 of the Dungeon.
You were a hulking beast.
You visited 1 branch of the dungeon, and saw 2 of its levels.

You collected 86 gold pieces.
You spent 11 gold pieces at shops.

Inventory:

Talismans
 b - a beast talisman (active)
 c - a flux talisman
Wands
 k - a wand of iceblast (7)
Scrolls
 d - 2 scrolls of identify {unknown}
 e - a scroll of amnesia {unknown}
 f - a scroll of noise
 g - a scroll of blinking {unknown}
 j - a scroll of immolation {unknown}
Potions
 a - 2 potions of lignification
 h - a potion of curing {unknown}
 i - a potion of degeneration {unknown}


   Skills:
 + Level 1.7 Fighting
 + Level 2.6 Dodging
 + Level 1.9 Stealth
 * Level 3.9 Unarmed Combat
 + Level 3.4 Shapeshifting


You had 3 spell levels left.
You didn't know any spells.
Your spell library was empty.

Dungeon Overview and Level Annotations

Branches:
Dungeon (2/15)

Altars:

Shops:
D:1 =?

Annotations:
D:2 Sigmund


Innate Abilities, Weirdness & Mutations

You are a hulking beast.
Your limbs bulge with bestial killing power. (Slay +1)
You cannot wear most types of armour.
You are amphibious.
You can wear up to eight rings at the same time.
Your skin changes colour to match your surroundings (Stealth+).
Your rubbery body absorbs attacks. (AC +1, EV +1)
((You are camouflaged when in or above water. (Stealth+)))
You have tentacles for arms and can constrict up to eight enemies at once.


Message History

You start resting.
You feel sick.
You are no longer poisoned.
You start resting.
HP restored.
You see here an adder corpse.
You open the door.
There is an open door here.
You now have 75 gold pieces (gained 6).
A kobold comes into view. It is wielding a +0 dagger.
The helpless kobold fails to defend itself.
You tentacle-slap the kobold.
You kill the kobold!
No target in view!
You open the door.
There is an open door here.
Things that are here:
a +0 dagger; a stone
k - a wand of iceblast (7)
Things that are here:
a +0 dagger; a stone 3 gnolls come into view.
A gnoll is wielding a +0 halberd.
The gnoll shouts!
A gnoll comes into view. It is wielding a +0 spear.
There are monsters nearby!
There is an open door here.
You start waiting.
A gnoll is nearby!
Things that are here:
a +0 dagger; a stone The gnoll misses you.
The gnoll hits you with a +0 halberd.
Things that are here:
a +0 dagger; a stone You bludgeon the gnoll!
Your grab misses the gnoll.
The gnoll is heavily wounded.
The gnoll hits you from afar with a +0 halberd!
Ouch! That really hurt!
* * * LOW HITPOINT WARNING * * *
The gnoll hits you with a +0 halberd!
You die...

#...................#..#..#
#.#.#..................#..#
#.#.#..............##g##..#
#.#.#..............##.##..#
..#.#..............##.##..#
............>..#'####.##..#
...............#....g.##..#
...###.#.....#g#########..#
...###.#+#...#.gh.........#
.....#.........##########.#
.....+....................#
.....#.........############
#.).............#
#...............#
#...............#
..........#.######
##...............#


You could see 2 gnolls.

Vanquished Creatures
  5 adders (D:2)
  4 dart slugs
  4 ball pythons (D:1)
  5 endoplasms
  2 giant cockroaches
  4 hobgoblins
  2 quokkas (D:1)
  2 bats (D:1)
  A frilled lizard (D:2)
  2 goblins (D:1)
  5 kobolds
  4 rats
40 creatures vanquished.

Notes
Turn   | Place    | Note
-------+----------+-------------------------------------------
     0 | D:1      | BinkBink the Octopode Shapeshifter began the quest for the
                  | Orb.
     0 | D:1      | Reached XP level 1. HP: 13/13 MP: 1/1
    91 | D:1      | Reached XP level 2. HP: 12/18 MP: 2/2
    94 | D:1      | Reached skill level 1 in Stealth
   136 | D:1      | Found Zolubbat's Magic Scroll Shop.
   141 | D:1      | Bought a scroll of noise for 11 gold pieces
   273 | D:1      | Found Zuyr's Jewellery Emporium.
   452 | D:1      | Reached XP level 3. HP: 23/23 MP: 3/3
   703 | D:2      | Noticed Sigmund
   904 | D:2      | Reached XP level 4. HP: 26/28 MP: 4/4
  1400 | D:2      | Slain by a gnoll

Illustrated notes

Levels and vault maps discovered:
D:1:      psy_arrival_fountain, layout_basic, serial_shops, shop,
          nicolae_shop_tiny_real_fake_doors
D:2:      layout_basic, uniq_sigmund

Skill      XL: |  1  2 |
---------------+-------+-----
Stealth        | 1 |  1.9
Fighting       | |  1.7
Dodging        | |  2.6
Unarmed Combat | |  3.9
Shapeshifting  | |  3.4

Action                     |  1- 3 |  4- 6 || total
---------------------------+-------+-------++-------
  Melee: Unarmed           |    61 |    19 ||    80
         Tentacles         |    11 |     1 ||    12
         Constrict         |    14 |     4 ||    18
   Stab: Sleeping          |    12 |     2 ||    14
 Armour: Skin              |    18 |    11 ||    29
  Dodge: Dodged            |    23 |    14 ||    37
   Form: Beast             |     1 |       ||     1

Table legend: (Time is in decaauts)
 A = Elapsed time spent in this place.
 B = Non-inter-level travel time spent in this place.
 C = Inter-level travel time spent in this place.
 D = Time resting spent in this place.
 E = Time spent auto-exploring this place.
 F = Levels seen in this place.
 G = Mean time per level.
                   A        B        C        D        E       F      G
               +--------+--------+--------+--------+--------+-----+--------+
         Total |   1394 |   1364 |     30 |    119 |    794 |   2 |  697.0 |
       Dungeon |   1394 |   1364 |     30 |    119 |    794 |   2 |  697.0 |
               +--------+--------+--------+--------+--------+-----+--------+

Top non-repeatable levels by time:
     D:2: 724 daAuts
     D:1: 670 daAuts
